 Dungeon Crawl Stone Soup version 0.31-a0-187-gba352fbbf7 (webtiles) character file.

Game seed: 10953891460640430036

278 qw the Skirmisher (level 6, -5/35 HPs)
             Began as a Deep Elf Hunter on June 22, 2023.
             Slain by a gnoll
             ... wielding a +0 halberd
              (8 damage)
             ... on level 4 of the Dungeon.
             The game lasted 00:01:07 (2677 turns).

qw the Skirmisher (Deep Elf Hunter)                 Turns: 2677, Time: 00:01:08

Health: -5/35      AC:  7    Str: 10    XL:     6   Next: 5%
Magic:  8/8        EV: 11    Int: 14    God:
Gold:   190        SH:  0    Dex: 18    Spells: 5/5 levels left

rFire   . . .        Y - +0 shortbow
rCold   + . .        (shield currently unavailable)
rNeg    . . .        g - +1 ring mail {rC+}
rPois   .            a - +0 helmet
rElec   .            (no cloak)
rCorr   +            (no gloves)
SInv    .            (no boots)
Will    .....        (no amulet)
Stlth   +            k - ring of resist corrosion
HPRegen 0.25/turn    (no ring)
MPRegen 0.11/turn

%: no passive effects
@: about to teleport
A: no striking features
a: no special abilities


You were on level 4 of the Dungeon.
You visited 1 branch of the dungeon, and saw 4 of its levels.

You collected 190 gold pieces.


   Skills:
 - Level 2.0 Fighting
 + Level 9.4 Ranged Weapons
 - Level 2.4 Dodging
 - Level 1.2 Stealth


You had 5 spell levels left.
You didn't know any spells.
Your spell library was empty.

Inventory:

Hand Weapons
 Y - a +0 shortbow (weapon)
Armour
 a - a +0 helmet (worn)
 g - a +1 ring mail of cold resistance (worn)
Jewellery
 k - a ring of resist corrosion (left hand)
 m - a ring of resist corrosion
Potions
 c - a potion of invisibility {unknown}
 f - a potion of curing {unknown}
 h - a potion of magic {unknown}
 i - a potion of haste {unknown}
 j - 4 potions of might
 p - a potion of mutation {unknown}

Dungeon Overview and Level Annotations

Branches:
Dungeon (4/15)
 Temple: D:4-7

Altars:
Xom

Shops:
D:1 [   D:2 (


Message History

The gnoll is almost dead.
The gnoll hits you from afar with a +0 spear.
You shoot an arrow. The arrow hits the gnoll.
You kill the gnoll!
The gnoll barely misses you.
You shoot an arrow. The arrow barely misses the gnoll.
The gnoll barely misses you.
The gnoll hits you from afar with a +0 spear.
You shoot an arrow. The arrow hits the gnoll.
The gnoll is moderately wounded.
The gnoll barely misses you. x2
You shoot an arrow. The arrow hits the gnoll.
The gnoll is heavily wounded.
The gnoll hits you but does no damage. The gnoll misses you.
You shoot an arrow. The arrow barely misses the gnoll.
The gnoll hits you from afar with a +0 spear.
The gnoll hits you from afar with a +0 halberd.
You shoot an arrow. The arrow hits the gnoll.
The gnoll is severely wounded.
The gnoll hits you but does no damage. The gnoll misses you.
You shoot an arrow. The arrow barely misses the gnoll.
The gnoll hits you but does no damage. The gnoll misses you.
You shoot an arrow. The arrow hits the gnoll.
The gnoll is almost dead.
The gnoll closely misses you.
The gnoll hits you from afar with a +0 halberd.
You shoot an arrow.
The arrow hits the gnoll but does no damage.
The gnoll is almost dead.
The gnoll hits you but does no damage.
The gnoll hits you from afar with a +0 halberd.
You shoot an arrow. The arrow barely misses the gnoll.
The gnoll hits you from afar with a +0 halberd!
The gnoll hits you from afar with a +0 spear.
2677 ||| READING scroll of teleportation.
As you read the scroll of teleportation, it crumbles to dust.
You feel strangely unstable.
The gnoll hits you from afar with a +0 spear.
The gnoll hits you from afar with a +0 halberd!
You die...

..# .#.# ).....#
#.# ..#... ### #.#
#.#..# ..# #.#
#.#..# #.# #.#
#.gg.# ###
#.####.###....#
..####.#.......)@.#
.........##.##...##
...###.##...#..#.#
..## #.##.##..##.#
..# #.##.##.###..
### .....##.# ###.
....###?# #. #....
#.# #. ..... #.# .#


You could see 2 gnolls.

Vanquished Creatures
  A black bear (D:2)
  A sleepcap (D:3)
  Natasha (D:4)
  2 gnolls (D:4)
  3 adders (D:2)
  A dart slug (D:1)
  7 orcs (D:3)
  6 endoplasms
  2 giant cockroaches
  4 goblins
  7 hobgoblins
  2 jackals (D:1)
  7 quokkas
  11 ball pythons
  6 bats
  2 frilled lizards (D:1)
  11 kobolds
  5 rats
79 creatures vanquished.

Notes
Turn   | Place    | Note
-------+----------+-------------------------------------------
     0 | D:1      | qw the Deep Elf Hunter began the quest for the Orb.
     0 | D:1      | Reached XP level 1. HP: 12/12 MP: 3/3
     0 | D:1      | 0 ||| qw: Version: 0.3-a-9-g12657ce
     0 | D:1      | 0 ||| qw: Game counter: 2692
     0 | D:1      | 0 ||| qw: Always use a shield: true
     0 | D:1      | 0 ||| qw: God list: Okawaru
     0 | D:1      | 0 ||| qw: Allow faded altars: false
     0 | D:1      | 0 ||| qw: Do Orc after D:15 true
     0 | D:1      | 0 ||| qw: Do second Lair branch before Depths: true
     0 | D:1      | 0 ||| qw: Lair rune preference: random
     0 | D:1      | 0 ||| qw: Plans: Normal
     0 | D:1      | 0 ||| PLANNING D:1-11
   255 | D:1      | Reached XP level 2. HP: 16/16 MP: 4/4
   258 | D:1      | 258 ||| Stepping ~*~*~tactically~*~*~ (outnumbered).
   261 | D:1      | Reached skill level 6 in Ranged Weapons
   544 | D:1      | Reached XP level 3. HP: 20/20 MP: 5/5
   859 | D:1      | Found Losis's Antique Armour Shop.
   863 | D:1      | 863 ||| SHOPLISTING glowing leather armour (100 gold, have
                  | 24).
   863 | D:1      | 863 ||| SHOPLISTING ring mail (80 gold, have 24).
   863 | D:1      | 863 ||| SHOPLISTING shiny scale mail (140 gold, have 24).
   907 | D:1      | 907 ||| UPGRADING to ring of resist corrosion.
   908 | D:1      | 908 ||| READING scroll labelled QIUN OSEHU.
   909 | D:1      | 909 ||| READING scroll labelled PELAHU MIKHLOY.
   910 | D:1      | 910 ||| READING scroll labelled WINKAU DIYTHROO.
   913 | D:1      | 913 ||| DRINKING 2 golden potions.
  1017 | D:1      | 1017 ||| DROPPING scroll of butterflies.
  1018 | D:1      | 1018 ||| DROPPING potion of berserk rage.
  1025 | D:2      | Found Foss's Antique Weapon Emporium.
  1082 | D:2      | Reached skill level 7 in Ranged Weapons
  1225 | D:2      | Reached XP level 4. HP: 25/25 MP: 6/6
  1410 | D:2      | Noticed a black bear
  1417 | D:2      | Killed a black bear
  1418 | D:2      | Reached skill level 8 in Ranged Weapons
  1418 | D:2      | Reached XP level 5. HP: 17/29 MP: 7/7
  1645 | D:2      | 1645 ||| UPGRADING to +0 helmet.
  1650 | D:2      | 1650 ||| UPGRADING to +0 ring mail.
  1660 | D:2      | 1660 ||| DROPPING +0 leather armour.
  1661 | D:2      | 1661 ||| DROPPING ring of wizardry.
  1662 | D:2      | 1662 ||| READING scroll labelled MUPSOI XIKH.
  1663 | D:2      | 1663 ||| DRINKING 2 inky potions.
  1664 | D:2      | 1664 ||| DROPPING potion of brilliance.
  1953 | D:3      | Reached skill level 9 in Ranged Weapons
  2371 | D:3      | 2371 ||| UPGRADING to +1 ring mail of cold resistance.
  2381 | D:3      | 2381 ||| DROPPING +0 ring mail.
  2382 | D:3      | 2382 ||| READING scroll labelled PIF YTEFRESMAI.
  2483 | D:3      | 2483 ||| READING scroll labelled QEDOAF RABYN.
  2484 | D:3      | 2484 ||| READING scroll labelled JUAC WOSORGHAKO.
  2485 | D:3      | 2485 ||| DRINKING 2 lumpy red potions.
  2519 | D:3      | 2519 ||| DRINKING 3 metallic pink potions.
  2520 | D:3      | 2520 ||| DROPPING potion of lignification.
  2542 | D:4      | Found a shimmering altar of Xom.
  2600 | D:4      | Noticed Natasha
  2603 | D:4      | 2603 ||| FLEEEEING.
  2604 | D:4      | 2604 ||| FLEEEEING.
  2605 | D:4      | 2605 ||| FLEEEEING.
  2606 | D:4      | 2606 ||| FLEEEEING.
  2611 | D:4      | Killed Natasha
  2612 | D:4      | Reached XP level 6. HP: 27/35 MP: 8/8
  2676 | D:4      | HP: 6/35 [gnoll/+0 spear (4)]
  2677 | D:4      | 2677 ||| READING scroll of teleportation.
  2677 | D:4      | Slain by a gnoll

Levels and vault maps discovered:
D:1:      dpeg_arrival_three_bigger_balls, layout_loops_corners, serial_shops,
          nicolae_shop_back_alley_shop
D:2:      layout_basic, serial_shops, nicolae_square_shop
D:3:      layout_loops_cross
D:4:      layout_rooms, fedhas_altar_3, mainiacjoe_overflow_boulevard,
          minmay_temple_entry_mist, uniq_natasha

Skill      XL: |  1  2  3  4  5 |
---------------+----------------+-----
Ranged Weapons | 6 7 8 9 |  9.4
Fighting       | 2 |  2.0
Dodging        | |  2.4
Stealth        | |  1.2

Action                     |  1- 3 |  4- 6 || total
---------------------------+-------+-------++-------
   Fire: Shortbow          |    90 |   158 ||   248
    Use: Scroll            |     3 |     5 ||     8
         Potion            |     1 |     3 ||     4
 Armour: Leather armour    |     4 |     4 ||     8
         Ring mail         |       |    20 ||    20
  Dodge: Dodged            |    21 |    51 ||    72

Table legend:
 A = Non-vault XP
 B = Vault XP
 C = Vault XP percentage of total XP
 D = Non-vault monster count
 E = Vault monster count
 F = Vault count percentage of total count
                 A         B        C        D         E       F
            +---------+---------+-------+---------+---------+-------
      Total |     363 |      35 |   8.8 |      78 |       1 |   1.3
            +---------+---------+-------+---------+---------+-------
        D:1 |      48 |       0 |   0.0 |      28 |       0 |   0.0
        D:2 |     195 |       0 |   0.0 |      20 |       0 |   0.0
        D:3 |      83 |       0 |   0.0 |      23 |       0 |   0.0
        D:4 |      37 |      35 |  48.6 |       7 |       1 |  12.5
            +---------+---------+-------+---------+---------+-------
